Map: Ley Lines

Players

Smerch

  • Race: Zerg Zerg
  • League: Master
  • Spawn Location: 1:00

ManlyManMeat - Winner!

  • Race: Terran Terran
  • League: Master
  • Spawn Location: 7:00

VOD

Have the link to the VOD?

Description

Time

  • Played on: June 9, 2025, 6 p.m.
  • Length: 22:32
Show
View Real Time Build Order
Export as new Build Order

Smerch Zerg 

Build Orders: Hatch First 

Get SALT Encoding   

  12  0:01  Drone  
  13  0:12  Overlord  
  13  0:17  Drone  
  14  0:41  Hatchery  
  13  0:44  Drone  
  13  0:48  Drone  
  15  0:52  Drone  
  16  0:59  Drone  
  17  1:07  Extractor  
  16  1:13  Spawning Pool  
  16  1:16  Drone  
  16  1:19  Drone  
  17  1:27  Drone  
  18  1:38  Overlord  
  18  1:49  Drone  
  18  1:54  Drone  
  20  2:00  Queen  
  22  2:01  Zergling x2  
  22  2:05  Queen  
  25  2:11  Drone  
  25  2:14  Metabolic Boost  
  26  2:20  Drone  
  26  2:21  Drone  
  28  2:33  Zergling x2  
  27  2:47  Overlord  
  27  3:01  Hatchery  
  26  3:06  Overlord  
  26  3:07  Drone x5  
  26  3:11  Queen  
  33  3:18  Drone x2  
  35  3:22  Overlord  
  34  3:50  Spine Crawler  
  34  3:56  Spore Crawler  
  34  3:58  Spore Crawler  
  34  4:00  Drone x3  
  35  4:10  Zergling x4, Drone  
  35  4:14  Lair  
  38  4:18  Drone x2  
  38  4:22  Extractor x2  
  38  4:27  Zergling x4  
  40  4:32  Evolution Chamber  
  40  4:34  Roach Warren  
  38  4:44  Drone x5  
  43  4:46  Drone x2  
  43  4:47  Drone x2  
  43  5:08  Zergling x6  
  46  5:26  Extractor  
  46  5:28  Spore Crawler  
  44  5:29  Extractor  
  42  5:37  Spine Crawler  
  42  5:38  Zergling x4, Spine Crawler  
  42  5:39  Roach x3  
  42  5:40  Zergling x2  
  42  5:41  Overlord x3  
  42  5:42  Glial Reconstitution  
  49  5:47  Spine Crawler  
  48  5:56  Zergling x2  
  49  5:57  Overlord x3  
  49  6:02  Overlord, Zerg Missile Weapons Level 1  
  49  6:03  Overlord  
  49  6:04  Overlord, Zergling x4  
  49  6:05  Zergling x8  
  55  6:16  Baneling Nest  
  55  6:17  Zergling x4  
  55  6:18  Zergling x2  
  57  6:20  Drone  
  58  6:30  Hatchery  
  56  6:43  Queen  
  51  6:54  Drone x3  
  51  6:55  Drone x7  
  51  7:00  Drone x2  
  51  7:01  Centrifugal Hooks  
  63  7:02  Baneling  
  63  7:03  Baneling  
  63  7:09  Drone x3  
  63  7:13  Drone  
  67  7:16  Extractor  
  67  7:18  Drone  
  67  7:19  Drone x4  
  69  7:51  Zergling x4  
  71  7:55  Zergling x4  
  71  7:56  Roach x2  
  71  7:57  Baneling  
  77  8:08  Drone x5  
  68  8:20  Roach x3  
  68  8:21  Roach x5  
  68  8:22  Zergling x12  
  68  8:23  Zergling x2  
  68  8:26  Spine Crawler  
  90  8:28  Spine Crawler  
  90  8:34  Zergling x6  
  90  8:35  Zergling x2  
  92  8:54  Pneumatized Carapace  
  92  9:01  Drone x3  
  92  9:02  Drone  
  96  9:04  Extractor  
  96  9:06  Extractor  
  96  9:08  Spore Crawler  
  93  9:15  Overlord x2  
  93  9:16  Overlord, Zergling x2  
  95  9:17  Zergling x4, Drone x2  
  95  9:18  Drone x3  
  101  9:27  Hydralisk Den  
  95  9:31  Baneling x3  
  95  9:45  Zergling x6, Roach x2  
  99  9:46  Roach x2  
  103  9:56  Muscular Augments  
  103  9:58  Overlord  
  103  9:59  Overlord x4, Hydralisk x2  
  93  10:09  Zergling x4  
  93  10:10  Zergling x10  
  93  10:13  Baneling x2  
  78  10:34  Baneling  
  75  10:37  Zergling x6  
  75  10:42  Hydralisk x3  
  77  10:43  Hydralisk x6  
  77  10:46  Queen  
  77  10:47  Queen  
  99  10:55  Drone x2, Hydralisk x4  
  99  10:56  Hydralisk x2  
  113  10:58  Drone x3  
  113  11:01  Hatchery  
  113  11:03  Grooved Spines  
  113  11:04  Overseer  
  113  11:05  Overseer  
  113  11:07  Baneling x3  
  113  11:08  Baneling x2  
  113  11:29  Spire  
  112  11:33  Spore Crawler  
  107  11:43  Queen  
  107  11:44  Queen  
  111  11:47  Infestation Pit  
  110  11:55  Zergling x4  
  110  11:56  Zergling x16  
  110  11:57  Zergling x12  
  87  12:24  Baneling  
  87  12:29  Zergling x14  
  89  12:30  Zergling x8  
  81  12:40  Hydralisk  
  81  12:41  Zergling x8, Hydralisk x2  
  88  12:49  Baneling x2  
  88  12:50  Baneling  
  88  13:04  Hydralisk x4  
  88  13:05  Hydralisk x5  
  99  13:06  Roach Warren  
  90  13:23  Zergling x18  
  90  13:24  Zergling x6  
  90  13:39  Zergling x4  
  90  13:40  Zergling x10  
  91  13:46  Evolution Chamber  
  91  13:47  Evolution Chamber  
  89  13:50  Drone x7  
  89  13:52  Queen  
  98  13:56  Hive  
  98  14:06  Drone x5  
  98  14:07  Drone  
  98  14:09  Baneling x3  
  104  14:10  Baneling  
  104  14:11  Baneling x2  
  104  14:21  Hydralisk  
  104  14:22  Hydralisk x2  
  104  14:23  Roach  
  112  14:25  Drone  
  78  15:02  Hydralisk x2  
  78  15:03  Zergling x10, Hydralisk x5  
  78  15:04  Zergling x10, Hydralisk x2  
  78  15:05  Zergling x2  
  101  15:08  Overlord  
  101  15:13  Zergling x2  
  100  15:17  Zergling x6  
  100  15:18  Zergling x4  
  101  15:21  Baneling Nest  
  89  15:33  Roach, Hydralisk  
  89  15:34  Roach x3  
  89  15:35  Infestor  
  87  15:52  Queen x3  
  93  15:59  Corruptor  
  93  16:00  Mutalisk x3  
  93  16:01  Mutalisk  
  103  16:04  Drone x2  
  72  16:42  Mutalisk x2  
  72  16:43  Mutalisk x9  
  72  16:44  Mutalisk x2  
  72  16:45  Zergling x8  
  102  16:56  Drone  
  102  16:57  Drone x4  
  108  17:01  Zergling x2  
  108  17:06  Zergling x8  
  108  17:07  Zergling x2  
  96  17:34  Zergling x10, Hydralisk x5  
  96  17:35  Zergling x4  
  108  17:37  Spine Crawler  
  108  17:38  Spine Crawler  
  106  17:49  Zergling x12  
  101  17:59  Zergling x4  
  101  18:01  Zergling x2  
  101  18:04  Queen  
  98  18:07  Extractor  
  98  18:09  Extractor, Baneling Nest  
  84  18:13  Baneling x2  
  84  18:14  Baneling x4  
  84  18:15  Zergling x2  
  84  18:16  Zergling x6  
  87  18:34  Baneling x3  
  87  18:35  Baneling x5  
  81  18:59  Hatchery  
  66  19:18  Burrow  
  61  19:30  Drone  
  60  19:37  Spawning Pool  
  27  20:06  Drone x3  
  30  20:08  Drone x4  
  30  20:09  Drone x2  
  30  20:10  Drone x5  
  38  20:41  Drone x8  
  38  20:42  Drone x2  
  48  20:59  Drone x5  
  48  21:00  Drone x2  
  48  21:03  Hatchery  
  51  21:14  Zergling x2  
  51  21:15  Zergling x16  
  58  21:20  Spine Crawler  
  35  21:38  Baneling Nest  
  30  21:43  Zergling x4  
Show
View Real Time Build Order
Export as new Build Order

ManlyManMeat Terran - Winner!

Build Orders: Reaper Expand 

Get SALT Encoding   

  12  0:00  SCV  
  13  0:12  SCV  
  14  0:17  Supply Depot  
  14  0:24  SCV  
  15  0:38  SCV  
  15  0:39  Barracks  
  16  0:44  Refinery  
  16  0:50  SCV  
  17  1:03  SCV  
  18  1:15  SCV  
  19  1:26  Reaper  
  19  1:27  Orbital Command  
  20  1:45  Command Center  
  20  1:53  Supply Depot  
  20  1:57  SCV  
  20  2:00  Marine  
  22  2:12  SCV  
  23  2:16  Factory  
  23  2:25  SCV  
  25  2:42  SCV  
  24  2:55  SCV  
  24  2:56  Orbital Command  
  24  2:57  Barracks Reactor  
  25  3:02  Starport  
  25  3:03  Hellion  
  27  3:07  SCV  
  27  3:10  Refinery  
  28  3:19  SCV  
  29  3:42  Barracks Tech Lab  
  29  3:43  Medivac  
  31  3:52  SCV  
  31  3:53  SCV  
  33  3:57  Command Center  
  33  3:58  Hellion x2  
  37  4:04  SCV  
  37  4:06  SCV  
  37  4:09  Marine  
  40  4:20  Starport Reactor  
  40  4:24  Barracks  
  40  4:25  Barracks  
  40  4:27  Barracks  
  40  4:31  SCV x2  
  42  4:43  SCV  
  42  4:44  SCV, Marine x2  
  46  5:05  Reaper  
  44  5:08  Marine  
  44  5:09  Siege Tank  
  44  5:10  Orbital Command  
  49  5:16  Barracks Tech Lab  
  49  5:17  Barracks Tech Lab  
  48  5:23  Barracks Reactor, SCV x2  
  48  5:25  Barracks  
  48  5:26  Barracks  
  50  5:31  Engineering Bay  
  50  5:35  SCV x2, Engineering Bay  
  52  5:40  Marine  
  52  5:41  Marine  
  54  5:47  SCV  
  53  5:57  Orbital Command  
  53  5:59  SCV, Marine x5  
  53  6:02  Stimpack  
  53  6:03  Combat Shield  
  59  6:05  SCV  
  59  6:09  Terran Infantry Weapons Level 1, Terran Infantry Armor Level 1  
  60  6:11  SCV  
  60  6:12  Refinery  
  60  6:13  Refinery  
  61  6:34  Orbital Command, Marine  
  61  6:35  SCV  
  61  6:36  SCV, Marine  
  56  6:40  Marine  
  56  6:41  Marine x3  
  57  6:48  SCV  
  57  6:51  SCV  
  55  6:58  Barracks Reactor x2  
  55  7:00  SCV, Marine x5  
  61  7:05  Bunker  
  61  7:33  Supply Depot  
  61  7:34  Supply Depot  
  61  7:35  Supply Depot  
  61  7:36  Supply Depot  
  61  7:37  Supply Depot  
  61  7:39  SCV x3, Marine x2  
  63  7:50  Marine x2  
  63  7:51  SCV, Marine x4  
  66  7:53  Marauder x2  
  66  7:54  Siege Tank  
  78  7:58  SCV x2  
  78  8:03  Supply Depot  
  78  8:04  SCV  
  78  8:05  Supply Depot  
  80  8:06  Supply Depot  
  80  8:10  SCV  
  78  8:21  Marine x2  
  78  8:22  Marine x5  
  78  8:26  Siege Tank  
  73  8:49  Marine x6  
  73  8:52  SCV x3  
  82  8:58  Siege Tank  
  82  8:59  Armory  
  82  9:00  Armory  
  85  9:04  SCV  
  85  9:08  Marine  
  85  9:09  Marine x8  
  93  9:10  Marine  
  96  9:26  Marine  
  96  9:30  Siege Tank  
  100  9:31  Reaper  
  100  9:32  Reaper x3  
  100  9:35  Medivac x2  
  100  9:36  Marine x3  
  100  9:37  Marine x2  
  113  9:39  Neosteel Armor  
  110  9:50  Command Center  
  110  9:52  Marine  
  111  9:54  Marine x4  
  115  10:04  Medivac  
  115  10:05  Medivac  
  107  10:11  Marine x5  
  102  10:24  Marine x2  
  102  10:25  Marine x3  
  98  10:30  Terran Infantry Weapons Level 2  
  85  10:35  Refinery  
  85  10:36  Refinery  
  85  10:38  Marine x3  
  85  10:39  Marine x2  
  85  10:42  Marine  
  86  10:56  Marine x5  
  91  10:57  Siege Tank  
  94  11:13  Marine x3  
  97  11:29  Siege Tank  
  100  11:38  Marine  
  100  11:39  Marine x8  
  94  11:40  Marine  
  94  11:45  Planetary Fortress  
  98  11:47  SCV x3  
  98  11:52  Supply Depot x2  
  98  11:53  Supply Depot  
  98  11:54  Supply Depot x2  
  100  11:56  Marine x3  
  100  11:59  SCV x3  
  106  12:01  Siege Tank  
  91  12:30  Marine x5  
  91  12:31  Marine x5  
  100  12:38  Refinery  
  100  12:39  SCV x2  
  100  12:40  SCV  
  100  12:41  Refinery  
  103  12:48  Marine x6  
  109  12:51  SCV  
  103  13:12  Marine  
  103  13:13  Marine x7  
  103  13:14  Marine  
  103  13:16  Reaper  
  104  13:25  Medivac x2, Siege Tank  
  105  13:30  Marine x2  
  105  13:31  Marine x3  
  95  13:42  Barracks  
  95  13:43  Barracks x2  
  95  13:47  Command Center  
  95  13:48  Terran Infantry Weapons Level 3  
  95  13:50  Terran Vehicle Weapons Level 1, Terran Infantry Armor Level 2  
  95  13:53  Marine x6  
  95  13:54  Marine x3  
  95  13:55  Medivac x2, Marauder, Command Center  
  108  13:57  Siege Tank  
  113  14:03  SCV x4  
  117  14:13  Marauder  
  117  14:15  SCV x2  
  121  14:17  Marine x2  
  121  14:18  Marine x5  
  121  14:19  Marine x2  
  130  14:31  Barracks Reactor  
  130  14:32  Barracks Reactor x2  
  130  14:34  Marine  
  130  14:35  Marine x2  
  130  14:38  Marine x4  
  133  14:39  Marine x2  
  133  14:40  Medivac x2  
  133  14:41  Siege Tank  
  133  14:43  Marauder  
  146  14:52  Marauder  
  121  14:53  Marine x2  
  121  14:56  Marine  
  115  15:06  Marine x5  
  119  15:13  Siege Tank  
  114  15:24  Marine x3  
  114  15:25  Marine x8  
  114  15:26  Marine x2  
  114  15:32  SCV x3  
  114  15:33  SCV  
  114  15:35  Refinery  
  114  15:36  Reaper  
  101  15:45  Siege Tank  
  101  15:49  Marine x3  
  94  16:01  Medivac x2  
  98  16:04  Marine x3  
  98  16:05  Marine  
  98  16:08  Missile Turret  
  98  16:09  Missile Turret  
  98  16:11  Sensor Tower, Marine x4  
  104  16:12  Marine x3  
  104  16:17  Siege Tank, Reaper  
  113  16:22  Marine  
  102  16:51  Marine x2  
  102  16:52  Marine x8  
  102  16:53  Marine x2  
  102  16:54  Marine  
  114  16:57  Missile Turret  
  115  17:05  Orbital Command  
  115  17:07  Marine x3  
  118  17:10  Command Center  
  118  17:16  Reaper  
  101  17:37  Marine x4  
  101  17:38  Marine x5  
  101  17:42  Missile Turret  
  101  17:44  Marine x3  
  89  17:57  Marine x5  
  86  18:07  Marine  
  86  18:08  Marine x2  
  86  18:12  Missile Turret x2  
  88  18:13  Terran Infantry Armor Level 3  
  88  18:14  Hi-Sec Auto Tracking  
  88  18:15  Missile Turret  
  88  18:16  Missile Turret  
  88  18:18  Missile Turret  
  73  18:42  Marine x2  
  73  18:43  Marine x5  
  80  18:54  Viking x2  
  78  18:56  Hellion  
  75  19:27  Marine x4  
  75  19:28  Marine x5  
  72  19:44  Marine x5  
  64  19:58  Marine x2  
  64  19:59  Marine x6  
  72  20:10  SCV x3, Marine x2  
  72  20:11  Marine x2  
  72  20:12  Hellion  
  72  20:14  Viking x2, Command Center  
  83  20:20  Marine x2  
  83  20:21  Marine x7  
  87  20:22  Marine  
  87  20:27  Command Center  
  93  20:33  Hellion  
  93  20:48  Marine x4  
  93  20:49  Marine x7  
  103  20:50  Marine  
  103  20:52  Orbital Command  
  96  21:28  SCV  
  96  21:29  SCV x4  
  101  21:40  SCV, Marine x6  
  101  21:41  SCV x4  
  101  21:42  Marine x2  
  114  21:51  Marine x5  
  114  21:52  Hellion  
  114  21:53  SCV  
  114  21:54  Viking x2  
  124  21:57  Reaper  
Tags
 
Add a new tag
Caveats
  • Supply blocks, unpowered buildings, or Contaminate may cause inaccurate times.
  • Supply counts are checked every 10 seconds.